 Dungeon Crawl Stone Soup version 0.16-a0-702-gf4f471d (webtiles) character file.

5128 PolkaDot the Martial Artist (level 10, -2/81 HPs)
             Began as a White Draconian Transmuter on Sept 20, 2014.
             Was an Elder of Okawaru.
             Slain by a slime creature (21 damage)
             ... on Level 10 of the Dungeon.
             The game lasted 00:45:37 (10531 turns).

PolkaDot the Martial Artist (DrTm)                 Turns: 10531, Time: 00:45:37

HP  -2/81        AC 12     Str 19      XL: 10   Next: 33%
MP  14/16        EV 16     Int 13      God: Okawaru [****..]
Gold 479         SH  0     Dex 14      Spells:  3 memorised,  5 levels left

rFire  . . .     SeeInvis .       - Unarmed
rCold  + . .     Clarity  .     (armour unavailable)
rNeg   . . .     rCorr    .     (no shield)
rPois  .         rRot     .     (helmet restricted)
rElec  .         Spirit   .     r - +0 cloak
SustAb .         Warding  .     p - +1 pair of gloves
rMut   .         Stasis   .     (boots unavailable)
Gourm  .                        (no amulet)
MR     .....                    (no ring)
                                x - cursed +2 ring of protection

@: mighty, appendage, heroism, not resistant to hostile enchantments, fairly
stealthy
A: breathe frost, unfitting armour, talons 3, cold resistance 1, cold-blooded,
AC +7
a: Breathe Frost, End Transformation, Heroism, Renounce Religion


You were on level 10 of the Dungeon.
You worshipped Okawaru.
Okawaru was greatly pleased with you.
You were very hungry.
You had grown temporary talons.
You visited 1 branch of the dungeon, and saw 10 of its levels.
You also visited: Ossuary.

You collected 479 gold pieces.

Inventory:

Missiles
 b - 151 arrows
Armour
 p - a +1 pair of gloves (worn)
 r - a +0 cloak (worn)
Magical devices
 J - a wand of teleportation (2)
Comestibles
 n - 3 fruits
 s - a slice of pizza
 B - 3 meat rations
Scrolls
 a - a scroll of recharging {unknown}
 e - 4 scrolls of blinking
 f - a scroll of magic mapping
 h - a scroll of summoning {unknown}
 k - a scroll of immolation
 l - 6 scrolls of remove curse
 m - 2 scrolls of enchant armour
 q - a scroll of random uselessness {unknown}
 t - a scroll of identify
 u - 2 scrolls of noise {unknown}
 y - 2 scrolls of amnesia {unknown}
 z - a scroll of fog
 G - 6 scrolls of teleportation
Jewellery
 x - a cursed +2 ring of protection (left hand)
Potions
 c - 3 potions of brilliance
 g - 8 potions of curing
 j - a potion of flight
 w - a potion of magic
 A - a potion of decay {unknown}
 C - 5 potions of might
 D - a potion of cancellation {unknown}
 E - 2 potions of degeneration {!q}
 F - 2 potions of restore abilities {unknown}
 H - a potion of agility {unknown}
 I - a potion of mutation {unknown}
 K - a potion of cure mutation {unknown}
Books
 d - a book of Changes

   Spells                             Type                      Level
   *Beastly Appendage                 Transmutation                1
   Sticks to Snakes                   Transmutation                2
   *Spider Form                       Transmutation/Poison         3
   *Ice Form                          Ice/Transmutation            4
   Blade Hands                        Transmutation                5
 v - a book of Party Tricks

   Spells                             Type                      Level
   Summon Butterflies                 Summoning                    1
   Apportation                        Translocation                1
   Blink                              Translocation                2
   Tukima's Dance                     Hexes                        3
   Alistair's Intoxication            Transmutation/Poison         4


   Skills:
 - Level 5.1(10.1) Fighting
 - Level 1.7(6.7) Dodging
 * Level 11.0(16.0) Unarmed Combat
 - Level 2.0 Spellcasting
 + Level 7.3 Transmutations
 + Level 8.4 Ice Magic


You had 5 spell levels left.
You knew the following spells:

 Your Spells              Type           Power        Failure   Level  Hunger
a - Beastly Appendage     Trmt           ###...       1%          1    ##.....
x - Ice Form              Ice/Trmt       ###.....     12%         4    #####..
z - Spider Form           Trmt/Pois      ##........   17%         3    ####...


Dungeon Overview and Level Annotations

Branches:
Dungeon (10/15)            Temple (0/1) D:4
    Orc: D:9-12        Lair: D:8-11

Altars:
Cheibriados
Dithmenos
Elyvilon
Fedhas
Kikubaaqudgha
Makhleb
Nemelex Xobeh
Okawaru
Qazlal
Ru
Sif Muna
Xom
Yredelemnul
Zin
The Shining One

Shops:
D:4 :


Innate Abilities, Weirdness & Mutations

You can breathe waves of freezing cold.
You can buffet flying creatures when you breathe cold.
Your icy white scales are hard (AC +7).
Your body does not fit into most forms of armour.
Your flesh is cold resistant.
Your cold-blooded metabolism reacts poorly to cold.
You have claws for feet.


Message History

Use which ability? (? or * to list)
You gain the combat prowess of a mighty hero.
You feel slightly more hungry. The slime creature hits you!
* * * LOW HITPOINT WARNING * * *
The slime creature hits you!
* * * LOW HITPOINT WARNING * * *
Drink which item? (? for menu, Esc to quit)
Okay, then.
Drink which item? (? for menu, Esc to quit)
You feel very mighty all of a sudden.
You punch the slime creature! You claw the slime creature!
You tail-slap the slime creature.
The slime creature is severely wounded.
The slime creature completely misses you.
You pummel the slime creature!!
You kill the slime creature!
Okawaru accepts your kill.
Your Unarmed Combat skill increases to level 11!
The slime creature hits you!!
You die...

#####.#
#....##
#....#
#...<##
##....#
#....# #....#
#....# #...@#
#..J.#
###.)..##
###.......#
#.........###
............#
.###........#
#.......##
#.......#


You could see a slime creature.

Vanquished Creatures
  Joseph (D:8)
  A troll (D:9)
  Prince Ribbit (D:8)
  A two-headed ogre (D:8)
  A slime creature (D:10)
  The ghost of Amnekian the Basher, an average OgBe of Trog (D:4)
  Eustachio (D:8)
  Edmund (D:8)
  A sky beast (D:8)
  A black bear (D:9)
  2 phantoms
  An ice beast (D:9)
  6 ogres
  An orc warrior (D:7)
  2 necrophages
  A centaur (D:8)
  A big kobold (D:8)
  Duvessa (D:7)
  Blork the orc (D:7)
  A gnoll sergeant (D:9)
  2 giant frogs (D:9)
  8 scorpions
  A jelly (D:7)
  4 electric eels (D:8)
  A hippogriff zombie (D:9)
  A goliath beetle (D:5)
  Dowan (D:7)
  A black bear zombie (D:6)
  A centaur zombie (Ossuary)
  4 crimson imps
  A giant frog skeleton (D:4)
  3 human zombies (Ossuary)
  2 orc priests
  5 orc wizards
  3 hounds
  A centaur skeleton (D:7)
  An elf skeleton (D:9)
  An iguana (D:7)
  4 worker ants
  2 big kobold zombies (Ossuary)
  An ogre zombie (D:7)
  A hound zombie (D:9)
  3 mummies (Ossuary)
  8 gnolls
  5 scorpion zombies (Ossuary)
  9 adders
  3 shadow imps
  4 giant mites
  3 orc zombies
  4 giant geckos
  17 orcs
  A bat skeleton (D:5)
  A giant cockroach (D:3)
  3 gnoll zombies (Ossuary)
  11 hobgoblins
  12 jackals
  17 kobolds
  3 quokkas
  19 bats
  7 giant newts
  16 goblins
  2 goblin zombies (Ossuary)
  A hobgoblin skeleton (D:5)
  3 hobgoblin zombies (Ossuary)
  A kobold zombie (D:7)
  15 rats
  A rat skeleton (D:6)
245 creatures vanquished.

Vanquished Creatures (others)
  Natasha (D:3)
  A gnoll zombie (Ossuary)
2 creatures vanquished.

Grand Total: 247 creatures vanquished

Notes
Turn   | Place    | Note
--------------------------------------------------------------
     0 | D:1      | PolkaDot, the Draconian Transmuter, began the quest for the Orb.
     0 | D:1      | Reached XP level 1. HP: 16/16 MP: 3/3
   442 | D:1      | Reached XP level 2. HP: 24/24 MP: 2/4
  1188 | D:1      | Reached XP level 3. HP: 30/30 MP: 6/6
  1294 | D:2      | Found an iron altar of Okawaru.
  1300 | D:2      | Became a worshipper of Warmaster Okawaru
  1453 | D:2      | Found a shadowy altar of Dithmenos.
  1485 | D:2      | Found an ancient bone altar of Kikubaaqudgha.
  1489 | D:2      | Found a deep blue altar of Sif Muna.
  1489 | D:2      | Found a sacrificial altar of Ru.
  1915 | D:2      | Found an iron altar of Okawaru.
  1995 | D:2      | Reached XP level 4. HP: 35/38 MP: 7/7
  2605 | D:3      | Reached skill level 4 in Fighting
  2619 | D:3      | Reached XP level 5. HP: 18/47 MP: 7/9
  3089 | D:3      | Noticed Natasha
  3101 | D:3      | Killed Natasha
  3236 | D:3      | Learned a level 4 spell: Ice Form
  3245 | D:3      | Found a basalt altar of Yredelemnul.
  3246 | D:3      | Noticed a profane servitor
  3250 | D:3      | Found a glowing golden altar of the Shining One.
  3251 | D:3      | Noticed an angel
  3630 | D:4      | Reached skill level 5 in Fighting
  3645 | D:4      | Found Bles' Book Boutique.
  3832 | D:4      | Learned a level 3 spell: Spider Form
  3879 | D:4      | Found a staircase to the Ecumenical Temple.
  3999 | D:4      | Noticed Amnekian's ghost (average OgBe)
  4014 | D:4      | Killed Amnekian's ghost
  4014 | D:4      | Reached skill level 5 in Unarmed Combat
  4014 | D:4      | Reached skill level 1 in Ice Magic
  4014 | D:4      | Reached XP level 6. HP: 56/56 MP: 10/10
  4487 | D:4      | Acquired Okawaru's first power
  4513 | D:5      | Entered Level 5 of the Dungeon
  4577 | D:5      | Your scales start taking on an icy white colour.
  4577 | D:5      | Gained mutation: Your flesh is cold resistant. [draconian maturity]
  4577 | D:5      | Reached XP level 7. HP: 58/61 MP: 12/12
  4865 | D:5      | Found a glowing silver altar of Zin.
  4867 | D:5      | Found a stormy altar of Qazlal.
  4879 | D:5      | Reached skill level 6 in Unarmed Combat
  4899 | D:5      | Found a sparkling altar of Nemelex Xobeh.
  4899 | D:5      | Found a burning altar of Makhleb.
  4907 | D:5      | Found a shimmering altar of Xom.
  4909 | D:5      | Found a snail-covered altar of Cheibriados.
  4964 | D:5      | Got a bloodstained shield
  4970 | D:5      | Identified the +0 shield of Proximity {Dex-4 Int-5} (You found it on level 5 of the Dungeon)
  5315 | D:5      | Found a blossoming altar of Fedhas.
  6011 | D:6      | Reached XP level 8. HP: 66/68 MP: 3/13
  6438 | D:7      | Reached skill level 7 in Unarmed Combat
  6487 | D:7      | Found a deep blue altar of Sif Muna.
  6598 | D:7      | Reached skill level 5 in Ice Magic
  6675 | D:7      | Found a sand-covered staircase.
  6680 | Ossuary  | Entered an ossuary
  7078 | Ossuary  | Reached skill level 8 in Unarmed Combat
  7078 | Ossuary  | Reached skill level 5 in Transmutations
  7369 | D:7      | Noticed Duvessa
  7369 | D:7      | Noticed Dowan
  7388 | D:7      | Killed Duvessa
  7391 | D:7      | Killed Dowan
  7391 | D:7      | Reached XP level 9. HP: 42/74 MP: 11/14
  7544 | D:7      | Noticed Blork the orc
  7553 | D:7      | Killed Blork the orc
  8184 | D:8      | Noticed Eustachio
  8200 | D:8      | Killed Eustachio
  8422 | D:8      | Reached skill level 9 in Unarmed Combat
  8446 | D:8      | Noticed Edmund
  8462 | D:8      | Killed Edmund
  9070 | D:8      | Noticed Prince Ribbit
  9087 | D:8      | Killed Prince Ribbit
  9087 | D:8      | Reached skill level 10 in Unarmed Combat
  9232 | D:8      | Noticed Joseph
  9253 | D:8      | Killed Joseph
  9581 | D:9      | Found a white marble altar of Elyvilon.
  9594 | D:9      | Reached XP level 10. HP: 79/81 MP: 16/16
 10489 | D:10     | Entered Level 10 of the Dungeon
 10531 | D:10     | Reached skill level 11 in Unarmed Combat
 10531 | D:10     | Slain by a slime creature

Action                   |  1- 3 |  4- 6 |  7- 9 | 10-12 || total
-------------------------+-------+-------+-------+-------++-------
Melee: Unarmed           |   133 |   251 |   541 |    91 ||  1016
 Cast: Beastly Appendage |    11 |    16 |    33 |     7 ||    67
       Spider Form       |       |       |     3 |     1 ||     4
       Ice Form          |       |       |     2 |     1 ||     3
Invok: Heroism           |       |       |     6 |     2 ||     8
 Abil: Breathe Frost     |       |       |    23 |     2 ||    25
  Use: Scroll            |       |     7 |    10 |     2 ||    19
       Potion            |       |     2 |     2 |     6 ||    10
 Stab: Sleeping          |       |     2 |     1 |       ||     3
       Fleeing           |       |       |       |     1 ||     1
  Eat: Chunk             |     4 |     4 |    14 |     3 ||    25
       Bread ration      |       |     1 |     2 |       ||     3
       Fruit             |       |       |     1 |       ||     1
